 Dungeon Sprint DCSS version 0.28-a0-268-g3f656e82c2 (webtiles) character file.

Game seed: 15659541152844862064

6377970 Ankalagon the Blood Saint (level 27, 76/249 HPs)
             Began as a Demonspawn Artificer on Aug 29, 2021.
             Was the Champion of Makhleb.
             Escaped with the Orb!
             The game lasted 01:26:19 (7355 turns).

Ankalagon the Blood Saint (Demonspawn Artificer)    Turns: 7355, Time: 01:26:20

Health: 76/249     AC: 44    Str: 34    XL:     27
Magic:  25/32      EV: 30    Int: 21    God:    Makhleb [******]
Gold:   11535      SH:  0    Dex: 21    Spells: 0/54 levels left

rFire   + . .      SeeInvis .     - Unarmed
rCold   + + +      Faith    .   (no shield)
rNeg    + + .      Spirit   .   z - +10 pearl dragon scales
rPois   +          Reflect  .   w - +1 helmet of Divine Intervention {rC+ Str+4 Int+4}
rElec   +          Harm     .   u - +2 cloak of Responsibility {rCorr Str+7}
rCorr   +          Rampage  .   c - +0 pair of fencer's gloves {Riposte Dex+3}
Will    ++...      NoTele   +   (boots unavailable)
Stlth   +.........              f - amulet "Tidoaf" {rElec rC+ rN+ Regen+}
HPRegen 1.51/turn               y - ring "Raptiem" {rPois rCorr Str+2 Slay+3}
MPRegen 0.23/turn               j - ring "Tejagon" {rF+ MP-9 Str+4 Slay+3}

@: mighty, quad damage, weakened, hasted (expiring), glowing, very quick
A: hooves 3, icemail 2, sharp scales 3, condensation shield, demonic magic 3,
corrupting presence 2, word of chaos, cold resistance 1, MP-powered wands
0: Orb of Zot
}: 10/15 runes: serpentine, slimy, silver, golden, iron, icy, demonic, dark,
gossamer, mossy
a: Word of Chaos, Renounce Religion, Minor Destruction, Lesser Servant of
Makhleb, Major Destruction, Greater Servant of Makhleb


You escaped.
You worshipped Makhleb.
Makhleb was exalted by your worship.
You visited 1 branch You collected 46099 gold pieces.
You spent 34564 gold pieces at shops.

Inventory:

Missiles
 Y - 47 bolts
Armour
 c - the +0 pair of fencer's gloves (worn) {Riposte Dex+3}
   (You bought it in a shop in the Dungeon)

   It allows the wearer to riposte with melee weapons, swiftly retaliating
   against missed attacks.
   Dex:       It affects your dexterity (+3).
 u - the +2 cloak of Responsibility (worn) {rCorr Str+7}
   (You bought it in a shop in the Dungeon)

   Str:       It affects your strength (+7).
   rCorr:     It protects you from acid and corrosion.
 w - the +1 helmet of Divine Intervention (worn) {rC+ Str+4 Int+4}
   (You bought it in a shop in the Dungeon)

   Str:       It affects your strength (+4).
   Int:       It affects your intelligence (+4).
   rC:        It protects you from cold.
 z - +10 pearl dragon scales (worn)
Jewellery
 f - the amulet "Tidoaf" (around neck) {rElec rC+ rN+ Regen+}
   (You bought it in a shop in the Dungeon)

   [amulet of regeneration]

   rC:        It protects you from cold.
   rElec:     It insulates you from electricity.
   rN:        It protects you from negative energy.
   Regen:     It increases your rate of health regeneration.
 j - the ring "Tejagon" (right hand) {rF+ MP-9 Str+4 Slay+3}
   (You bought it in a shop in the Dungeon)

   [ring of protection from fire]

   Str:       It affects your strength (+4).
   Slay:      It affects your accuracy & damage with ranged weapons and melee
   (+3).
   rF:        It protects you from fire.
   MP:        It affects your magic capacity (-9).
 p - the ring "Jyluk" {rPois rN+ Will- Int-2 Dex+9}
   (You bought it in a shop in the Dungeon)

   [ring of positive energy]

   Int:       It affects your intelligence (-2).
   Dex:       It affects your dexterity (+9).
   rPois:     It protects you from poison.
   rN:        It protects you from negative energy.
   Will:      It decreases your willpower.
 q - the ring "Raadax Wocli" {rN++ Int-4 SInv}
   (You bought it in a shop in the Dungeon)

   [ring of see invisible]

   Int:       It affects your intelligence (-4).
   rN:        It greatly protects you from negative energy.
   SInv:      It lets you see invisible.
 r - the ring "Hiwkusmy" {Fire rElec rN+ Will+}
   (You bought it in a shop in the Dungeon)

   [ring of fire]

   It enhances your fire magic.
   rF:        It protects you from fire.
   rC:        It makes you vulnerable to cold.
   rElec:     It insulates you from electricity.
   rN:        It protects you from negative energy.
   Will:      It increases your willpower.
 s - the ring "Tighej" {rC+ Dex+9}
   (You bought it in a shop in the Dungeon)

   [ring of protection from cold]

   Dex:       It affects your dexterity (+9).
   rC:        It protects you from cold.
 y - the ring "Raptiem" (left hand) {rPois rCorr Str+2 Slay+3}
   (You bought it in a shop in the Dungeon)

   [ring of resist corrosion]

   Str:       It affects your strength (+2).
   Slay:      It affects your accuracy & damage with ranged weapons and melee
   (+3).
   rPois:     It protects you from poison.
   rCorr:     It protects you from acid and corrosion.
 A - the ring of Fun {Wiz rPois}
   (You bought it in a shop in the Dungeon)

   [ring of wizardry]

   It improves your spell success rate.
   rPois:     It protects you from poison.
 B - the ring of Puniegu {Fly rF+ rN+ Str+2 Int-5}
   (You bought it in a shop in the Dungeon)

   [ring of flight]

   Str:       It affects your strength (+2).
   Int:       It affects your intelligence (-5).
   rF:        It protects you from fire.
   rN:        It protects you from negative energy.
   Fly:       It grants you flight.
 C - the ring "Veruxi" {rElec rCorr EV+4 Str-5 Dex-5}
   (You bought it in a shop in the Dungeon)

   [ring of evasion]

   EV:        It affects your evasion (+4).
   Str:       It affects your strength (-5).
   Dex:       It affects your dexterity (-5).
   rElec:     It insulates you from electricity.
   rCorr:     It protects you from acid and corrosion.
 E - the ring of Birdsong {Fire rPois rN+ SInv}
   (You bought it in a shop in the Dungeon)

   [ring of fire]

   It enhances your fire magic.
   rF:        It protects you from fire.
   rC:        It makes you vulnerable to cold.
   rPois:     It protects you from poison.
   rN:        It protects you from negative energy.
   SInv:      It lets you see invisible.
 F - the ring "Mumman" {rF- rN+ rCorr Int+6 Dex+3}
   (You bought it in a shop in the Dungeon)

   [ring of positive energy]

   Int:       It affects your intelligence (+6).
   Dex:       It affects your dexterity (+3).
   rF:        It makes you vulnerable to fire.
   rN:        It protects you from negative energy.
   rCorr:     It protects you from acid and corrosion.
 G - the ring "Orerch" {rPois Will+++ Int-5 Slay-4 SInv}
   (You bought it in a shop in the Dungeon)

   [ring of poison resistance]

   Int:       It affects your intelligence (-5).
   Slay:      It affects your accuracy & damage with ranged weapons and melee
   (-4).
   rPois:     It protects you from poison.
   SInv:      It lets you see invisible.
   Will:      It greatly increases your willpower.
 H - the ring "Jyannam" {Fly Int+6}
   (You bought it in a shop in the Dungeon)

   [ring of flight]

   Int:       It affects your intelligence (+6).
   Fly:       It grants you flight.
 I - the ring "Hahahuvoj" {+Blink rElec rCorr MP-9}
   (You bought it in a shop in the Dungeon)

   [ring of resist corrosion]

   rElec:     It insulates you from electricity.
   MP:        It affects your magic capacity (-9).
   +Blink:    It lets you blink.
   rCorr:     It protects you from acid and corrosion.
 J - the ring "Cogeytof" {Wiz rPois Dex+4}
   (You bought it in a shop in the Dungeon)

   [ring of wizardry]

   It improves your spell success rate.
   Dex:       It affects your dexterity (+4).
   rPois:     It protects you from poison.
 K - the ring "Xeco" {rCorr MP+9 Dex+6 SInv}
   (You bought it in a shop in the Dungeon)

   [ring of dexterity]

   Dex:       It affects your dexterity (+6).
   MP:        It affects your magic capacity (+9).
   SInv:      It lets you see invisible.
   rCorr:     It protects you from acid and corrosion.
Wands
 a - a wand of polymorph (17)
 d - a wand of charming (26)
 l - a wand of iceblast (5)
 m - a wand of acid (14)
 x - a wand of mindburst (9)
Scrolls
 k - 25 scrolls of blinking
 n - 28 scrolls of fog
 D - 6 scrolls of enchant armour
 S - 16 scrolls of enchant weapon
 T - 6 scrolls of silence
 U - 6 scrolls of vulnerability
 W - 10 scrolls of amnesia
 X - 2 scrolls of brand weapon
Potions
 b - 8 potions of mutation
 g - 31 potions of heal wounds
 h - 31 potions of haste
 i - 26 potions of magic
 o - 24 potions of resistance
 t - 9 potions of might
 v - 21 potions of curing
 M - a potion of experience
 P - 20 potions of berserk rage
 Q - 12 potions of brilliance
 R - 12 potions of attraction
Miscellaneous
 e - a piece from Xom's chessboard (15/15)
 L - a quad damage
 Z - a quad damage


   Skills:
 O Level 27 Fighting
 O Level 27 Armour
 O Level 27 Dodging
 + Level 21.0 Stealth
 O Level 27 Unarmed Combat
 - Level 14.3 Spellcasting
 + Level 21.6 Conjurations
 - Level 24.0 Necromancy
 - Level 19.3 Translocations
 - Level 24.0 Transmutations
 + Level 21.1 Air Magic
 O Level 27 Invocations
 + Level 21.9 Evocations


You couldn't memorise any spells.
You knew the following spells:

 Your Spells              Type           Power      Damage    Failure   Level
a - Manifold Assault      Tloc           77%        N/A       1%          5
b - Infestation           Necr           43%        N/A       1%          8
c - Animate Dead          Necr           43%        N/A       0%          4
d - Lesser Beckoning      Tloc           38%        N/A       0%          3
e - Storm Form            Tmut/Air       41%        N/A       1%          7
f - Chain Lightning       Conj/Air       40%        3d54      65%         9
q - Blink                 Tloc           N/A        N/A       0%          2
s - Necromutation         Tmut/Necr      43%        N/A       1%          8
L - Borgnjor's Revivific  Necr           43%        N/A       1%          8

Your spell library contained the following spells:

 Spells                   Type           Power      Damage    Failure   Level
 Gell's Gravitas          Tloc           38%        N/A       0%          3
 Swiftness                Air            81%        N/A       0%          3
 Teleport Other           Tloc           77%        N/A       0%          3
 Iskenderun's Mystic Bla  Conj/Tloc      79%        2d16      0%          4
 Passwall                 Tmut/Erth      50%        N/A       1%          2
 Stone Arrow              Conj/Erth      100%       3d13      1%          3
 Fulminant Prism          Conj/Hex       28%        3d14      1%          4
 Passage of Golubria      Tloc           N/A        N/A       1%          4
 Petrify                  Tmut/Erth      60%        N/A       1%          4
 Summon Lightning Spire   Summ/Air       56%        N/A       1%          4
 Iskenderun's Battlesphe  Conj           82%        2d13      1%          5
 Silence                  Hex/Air        28%        N/A       1%          5
 Conjure Ball Lightning   Conj/Air       40%        3x3d13    1%          6
 Summon Forest            Summ/Tloc      26%        N/A       3%          5
 Sandblast                Erth           30%        2d9       6%          1
 Maxwell's Capacitive Co  Air            40%        ∞         6%          8
 Bolt of Magma            Conj/Fire/Erth 22%        4d11      9%          5
 Iron Shot                Conj/Erth      28%        9d6       11%         6
 Disjunction              Tloc           38%        N/A       14%         8
 Inner Flame              Hex/Fire       15%        N/A       17%         3
 Ozocubu's Armour         Ice            15%        N/A       17%         3
 Death's Door             Necr           43%        N/A       30%         9
 Haunt                    Necr/Summ      30%        N/A       34%         7
 Cause Fear               Hex            7%         N/A       50%         4
 Spellforged Servitor     Conj/Summ      28%        N/A       50%         7
 Malign Gateway           Summ/Tloc      26%        N/A       67%         7
 Lee's Rapid Deconstruct  Erth           7%         3d8*      85%         5
 Summon Mana Viper        Hex/Summ       15%        N/A       85%         5
 Lehudib's Crystal Spear  Conj/Erth      28%        10d8      99%         8
 Invisibility             Hex            7%         N/A       100%        6
 Shadow Creatures         Summ           N/A        N/A       100%        6
 Ozocubu's Refrigeration  Ice            7%         4d6       100%        7
 Discord                  Hex            7%         N/A       100%        8
 Summon Horrible Things   Summ           7%         N/A       100%        8
 Fire Storm               Conj/Fire      28%        8d7       100%        9
 Shatter                  Erth           7%         3d10*     100%        9


Dungeon Overview and Level Annotations

Branches:
Dungeon (1/1)

Altars:
Cheibriados
Dithmenos
Fedhas
Gozag
Kikubaaqudgha
Makhleb
Okawaru
Qazlal
Ru
Sif Muna
Trog
Uskayaw
Vehumet
Wu Jian
Xom
Yredelemnul
Zin
The Shining One
Beogh
Jiyva
Lugonu

Shops:
D [?*[((


Innate Abilities, Weirdness & Mutations

You have hooves in place of feet.
A meltable icy envelope protects you from harm. (AC +0)
You are completely covered in razor-sharp scales. (AC +3, Slay +3)
A meltable shield of frost defends you. (SH +0)
Spells you cast and wands you use may paralyse nearby enemies.
Your presence sometimes corrodes or deforms those you injure.
You can speak a Word of Chaos.
Your flesh is cold resistant. (rC+)
You expend magic power (3 MP) to strengthen your wands.


Message History

YOU HAVE WON A PRIZE FOR KILLING THE BOSS!
YOU SEE HERE A +2 CLOAK OF WILLPOWER.
SCORE MULTIPLIER: 53X YOU NOW HAVE 637797 ARENA POINTS (GAINED 44520).
THE ARENA FALLS SILENT.
EVERYONE BUT YOU IS DEAD.
THERE IS NOTHING TO DO NOW BUT TAKE THE ORB AND LEAVE.
CONGRATULATIONS, CHAMPION.
A DEATH SCARAB BURSTS FROM MASTER BLASTER!
YOU ARE ENGULFED IN BLAZING FLAMES.
YOU RESIST.
YOUR EXTRA SPEED IS STARTING TO RUN OUT.
YOUR STEALTH SKILL GAINED 7 LEVELS AND IS NOW AT LEVEL 21!
YOUR CONJURATIONS SKILL GAINED 6 LEVELS AND IS NOW AT LEVEL 21!
YOUR AIR MAGIC SKILL GAINED 6 LEVELS AND IS NOW AT LEVEL 21!
YOUR EVOCATIONS SKILL GAINED 6 LEVELS AND IS NOW AT LEVEL 21!
M - A POTION OF EXPERIENCE YOU PICK UP THE DEMONIC RUNE AND FEEL ITS POWER.
YOU NOW HAVE 10 RUNES.
PRESS } TO SEE ALL THE RUNES YOU HAVE COLLECTED.
YOU NOW HAVE 11535 GOLD PIECES (GAINED 2100).
YOU ARE ENGULFED IN BLAZING FLAMES.
YOU RESIST.
YOUR DEATH SCARAB IS ENGULFED IN BLAZING FLAMES. x2
UNKNOWN COMMAND.
YOU ARE ENGULFED IN BLAZING FLAMES.
YOU RESIST.
* * * LOW HITPOINT WARNING * * *
YOUR DEATH SCARAB IS ENGULFED IN BLAZING FLAMES.
THINGS THAT ARE HERE: A +0 ROBE; A +0 QUARTERSTAFF YOU ARE ENGULFED IN BLAZING FLAMES.
YOU RESIST.
* * * LOW HITPOINT WARNING * * *
YOUR DEATH SCARAB IS ENGULFED IN BLAZING FLAMES. x3
YOU SEE HERE A +0 ROBE.
THINGS THAT ARE HERE: 19 ARROWS; A +0 LONGBOW THERE IS A STAIRCASE LEADING OUT OF THE DUNGEON HERE.
THINGS THAT ARE HERE: THE ORB OF ZOT; 16 ARROWS; A +0 SHORTBOW YOU PICK UP THE ORB OF ZOT!
THE ORB LETS OUT A HIDEOUS SHRIEK!
THE LORDS OF PANDEMONIUM ARE NOT AMUSED.
BEWARE!
NOW ALL YOU HAVE TO DO IS GET BACK OUT OF THE DUNGEON!
YOU HAVE ESCAPED!

#_.(..[.)_# ###..).[[[[)###
#)[[.).°[[.[(⌠#
######)8[[))°[.))8)######
##.___.[[[..###[[)[..___∩##
###∩......2)8.# #[8[.......∩###
##..[)..)[.....###[......†.....##
#[...).[[[.[###).B###.[........⌠#
#[.[[.))[)[[# #.@.# #.....(....⌠#
#[.[...)[[)[###...###.[)[......⌠#
##.[[...[.[[...###...[...).....##
###∩.)[..[[[8.# #.8).......∩###
##∩___[[[[..###.[...._._∩##
######(8.)[(.)...8.######
#⌠.[.[...[...⌠# ###[..).....###
#_..[..)._#


You could see a reaper and a friendly death scarab.

Vanquished Creatures
  A vault guard (D)
  Khufu (D)
  Antaeus (D)
  Gloorx Vloq (D)
  Dispater (D)
  An orb of fire (D)
  2 ancient liches (D)
  3 royal mummies (D)
  Agnes (D)
  A Killer Klown (D)
  Margery (D)
  8 pandemonium lords (D)
  A great orb of eyes (D)
  Arachne (D)
  2 electric golems (D)
  3 Tzitzimimeh (D)
  8 Orb Guardians (D)
  5 deep elf blademasters (D)
  14 titans (D)
  2 deep elf master archers (D)
  17 Executioners (D)
  3 acid blobs (D)
  A shadow dragon (D)
  8 sphinxes (D)
  6 nagarajas (D)
  A storm dragon (D)
  4 ghost moths (D)
  8 emperor scorpions (D)
  4 deep elf sorcerers (D)
  2 reapers (D)
  4 deep elf demonologists (D)
  4 deep elf annihilators (D)
  A white draconian (D)
  An ettin (shapeshifter) (D)
  8 deep elf death magi (D)
  4 mummy priests (D)
  11 blizzard demons (D)
  A shambling mangrove (D)
  4 deep elf high priests (D)
  39 boulder beetles (D)
  5 naga warriors (D)
  38 spriggan air magi (D)
  2 hydras (D)
  An ogre mage (D)
  6 catoblepae (D)
  2 anacondas (D)
  6 centaur warriors (D)
  2 dancing weapons (D)
  12 hell knights (D)
  4 deep elf knights (D)
  20 fire crabs (D)
  4 death drakes (D)
  6 swamp dragons (D)
  A spriggan druid (D)
  A naga ritualist (D)
  A bog body (D)
  A deep elf archer (D)
  A wolf spider (shapeshifter) (D)
  4 deep elf zephyrmancers (D)
  4 orb spiders (D)
  A will-o-the-wisp (D)
  A cyclops (shapeshifter) (D)
  A salamander (D)
  A moth of wrath (shapeshifter) (D)
  7 naga magi (D)
  9 moths of wrath (D)
  7 guardian serpents (D)
  3 black mambas (D)
  2 rust devils (D)
  2 gargoyles (D)
  A komodo dragon (D)
  10 guardian mummies (D)
  2 merfolk (shapeshifter) (D)
  A jumping spider (shapeshifter) (D)
  9 queen bees (D)
  2 jumping spiders (D)
  5 slime creatures (D)
  2 dream sheep (shapeshifter) (D)
  4 air elementals (D)
  A shadow (D)
  A tarantella (shapeshifter) (D)
  A tarantella (D)
  A redback (shapeshifter) (D)
  Sigmund (D)
  A fire elemental (D)
  2 steam dragons (D)
  7 neqoxecs (D)
  A swamp worm (shapeshifter) (D)
  3 nagas (D)
  An acid dragon (D)
  A floating eye (shapeshifter) (D)
  A swamp drake (D)
  17 sky beasts (D)
  Purgy (D)
  A necrophage (D)
  An ogre (D)
  7 centaurs (D)
  An earth elemental (D)
  10 killer bees (D)
  An iron imp (D)
  Jessica (D)
  15 mummies (D)
  2 river rats (D)
  An adder zombie (D)
  A bat zombie (D)
  2 giant cockroaches (D)
  A goblin (D)
  2 quokkas (D)
  A ball python simulacrum (D)
  A giant cockroach zombie (D)
  A rat (D)
469 creatures vanquished.

Vanquished Creatures (collateral kills)
  A pandemonium lord (D)
  An ancient lich (D)
  An Orb Guardian (D)
  An Executioner (D)
  2 nagarajas (D)
  2 deep elf sorcerers (D)
  A reaper (D)
  3 deep elf annihilators (D)
  A deep elf death mage (D)
  6 boulder beetles (D)
  An anaconda (D)
  An ogre mage (D)
  A catoblepas (D)
  A two-headed ogre (D)
  2 death knights (D)
  2 hell knights (D)
  3 death drakes (D)
  Aizul (D)
  2 guardian serpents (D)
  A guardian serpent (shapeshifter) (D)
  2 ogres (D)
  A bat skeleton (D)
37 creatures vanquished.

Vanquished Creatures (others)
  2 catoblepae (D)
  A block of ice (D)
  6 foxfires (D)
9 creatures vanquished.

Grand Total: 515 creatures vanquished

Notes
Turn   | Place    | Note
-------+----------+-------------------------------------------
     0 | D        | Ankalagon the Demonspawn Artificer began the quest for the
                  | Orb.
     0 | D        | Reached XP level 1. HP: 15/15 MP: 1/1
     1 | D        | Found a burning altar of Makhleb.
     1 | D        | Found a stormy altar of Qazlal.
     3 | D        | Found an ancient bone altar of Kikubaaqudgha.
     4 | D        | Found a corrupted altar of Lugonu.
     4 | D        | Found a radiant altar of Vehumet.
     4 | D        | Found a basalt altar of Yredelemnul.
     4 | D        | Found Akasucs's Weapon Rack.
     4 | D        | Found Ytu Sorch's Premium Goods.
     5 | D        | Found Vaquud's Do-It-Yourself Clinic.
     5 | D        | Round 1.
     6 | D        | Found Emagerr's Bottled Wisdom.
     6 | D        | Found Denenar's Distillery.
    10 | D        | Became a worshipper of Makhleb the Destroyer
    11 | D        | Found a sacrificial altar of Ru.
    11 | D        | Found a shimmering altar of Xom.
    11 | D        | Found a hide-covered altar of Uskayaw.
    11 | D        | Found Gaxu's Distillery.
    15 | D        | Found Ikubril's Basic Armour.
    15 | D        | Found Runuul's Miscellaneous Merchandise.
    17 | D        | Noticed Sigmund
    31 | D        | Killed Sigmund
    32 | D        | Gained mutation: You are partially covered in razor-sharp
                  | scales. (AC +1, Slay +1) [demonic ancestry]
    32 | D        | Reached XP level 2. HP: 21/21 MP: 2/2
    32 | D        | Gained mutation: A meltable shield of frost defends you.
                  | (SH +0) [demonic ancestry]
    32 | D        | Reached XP level 3. HP: 26/26 MP: 3/3
    32 | D        | Gained mutation: You are mostly covered in razor-sharp
                  | scales. (AC +2, Slay +2) [demonic ancestry]
    32 | D        | Reached XP level 4. HP: 32/32 MP: 4/4
    32 | D        | Reached XP level 5. HP: 37/37 MP: 5/5
    37 | D        | Found an opulent altar of Gozag.
    38 | D        | Found a bloodstained altar of Trog.
    39 | D        | Found a shadowy altar of Dithmenos.
    40 | D        | Found Muduher's Identification Station.
    40 | D        | Found an ornate altar of the Wu Jian Council.
    40 | D        | Found a blossoming altar of Fedhas.
    40 | D        | Found a shimmering blue altar of Sif Muna.
    42 | D        | Found Axzyceg's Advanced Armour.
    42 | D        | Found Heoffeih's Jewellery.
    45 | D        | Found an iron altar of Okawaru.
    50 | D        | Bought a twitching diamond amulet for 45 gold pieces
    50 | D        | Identified the amulet "Tidoaf" {rElec rC+ rN+ Regen+} (You
                  | bought it in a shop in the Dungeon)
    50 | D        | Bought a smoking bone ring for 45 gold pieces
    50 | D        | Identified the ring "Jyluk" {rPois rN+ Will- Int-2 Dex+9}
                  | (You bought it in a shop in the Dungeon)
    50 | D        | Bought a shimmering lapis lazuli ring for 45 gold pieces
    50 | D        | Identified the ring "Raadax Wocli" {rN++ Int-4 SInv} (You
                  | bought it in a shop in the Dungeon)
    50 | D        | Bought a smoking marble ring for 45 gold pieces
    50 | D        | Identified the ring "Hiwkusmy" {Fire rElec rN+ Will+} (You
                  | bought it in a shop in the Dungeon)
    63 | D        | Noticed Jessica
    67 | D        | Killed Jessica
    67 | D        | Reached * piety under Makhleb
    84 | D        | Found a snail-covered altar of Cheibriados.
    85 | D        | Found Metwoung's Staff Store.
    86 | D        | Found a viscous altar of Jiyva.
    86 | D        | Found Ehusoeromp's Magic Scroll Shop.
    86 | D        | Found Zexuthae's Must-Have Magic.
    86 | D        | Found Zyfuid's Magic Scroll Shop.
   143 | D        | Arena points: 12 (+12) [x2]
   205 | D        | Round 2.
   241 | D        | Noticed Purgy
   247 | D        | Killed Purgy
   247 | D        | Reached ** piety under Makhleb
   248 | D        | Reached skill level 5 in Invocations
   248 | D        | Reached XP level 6. HP: 43/43 MP: 5/10
   333 | D        | Reached *** piety under Makhleb
   333 | D        | Arena points: 54 (+42) [x3]
   351 | D        | Bought a transparent bronze ring for 45 gold pieces
   351 | D        | Identified the ring "Tejagon" {rF+ MP-9 Str+4 Slay+3} (You
                  | bought it in a shop in the Dungeon)
   351 | D        | Bought a transparent brass ring for 45 gold pieces
   351 | D        | Identified the ring "Tighej" {rC+ Dex+9} (You bought it in
                  | a shop in the Dungeon)
   396 | D        | Round 3.
   404 | D        | Noticed an ogre mage
   421 | D        | Killed an ogre mage
   422 | D        | Reached skill level 10 in Unarmed Combat
   422 | D        | Reached skill level 10 in Invocations
   422 | D        | Reached XP level 7. HP: 48/48 MP: 1/14
   428 | D        | Noticed a two-headed ogre
   435 | D        | Killed a two-headed ogre
   436 | D        | Reached XP level 8. HP: 42/54 MP: 2/16
   503 | D        | Noticed an ogre mage
   511 | D        | Killed an ogre mage
   512 | D        | Reached skill level 5 in Fighting
   512 | D        | Reached skill level 5 in Armour
   512 | D        | Reached XP level 9. HP: 18/68 MP: 8/17
   513 | D        | Reached **** piety under Makhleb
   525 | D        | Arena points: 138 (+84) [x4]
   588 | D        | Round 4.
   597 | D        | Gained mutation: Armour fits poorly on your strangely
                  | shaped body. [a neqoxec]
   597 | D        | Gained mutation: Your magical capacity is low. (-10% MP) [a
                  | neqoxec]
   599 | D        | Gained mutation: Your spells are a little easier to cast,
                  | but a little less powerful. [a neqoxec]
   614 | D        | Gained mutation: Your body sometimes deteriorates upon
                  | taking damage. [a neqoxec]
   615 | D        | Gained mutation: Your flesh is heat resistant. (rF+) [a
                  | neqoxec]
   698 | D        | Gained mutation: You occasionally shout uncontrollably at
                  | your foes. [a neqoxec]
   701 | D        | Reached ***** piety under Makhleb
   712 | D        | Arena points: 298 (+160) [x5]
   785 | D        | Round 5.
   789 | D        | Noticed Aizul
   808 | D        | Killed Aizul
   808 | D        | Arena points: 578 (+280) [x7]
   809 | D        | Got a serpentine rune of Zot
   818 | D        | Bought a pair of fine boots for 332 gold pieces
   818 | D        | Identified the -1 pair of boots of the Fifty Servitors
                  | {rPois rC+} (You bought it in a shop in the Dungeon)
   853 | D        | Bought 2 potions of mutation for 112 gold pieces
   853 | D        | Lost mutation: Your flesh is heat resistant. (rF+) [potion
                  | of mutation]
   853 | D        | Lost mutation: Your spells are a little easier to cast, but
                  | a little less powerful. [potion of mutation]
   853 | D        | Gained mutation: Your muscles are strong. (Str +2) [potion
                  | of mutation]
   853 | D        | Gained mutation: You possess an exceptional clarity of
                  | mind. [potion of mutation]
   853 | D        | Lost mutation: Your muscles are strong. (Str +2) [potion of
                  | mutation]
   854 | D        | Lost mutation: You occasionally shout uncontrollably at
                  | your foes. [potion of mutation]
   854 | D        | Lost mutation: Your body sometimes deteriorates upon taking
                  | damage. [potion of mutation]
   854 | D        | Lost mutation: Your magical capacity is low. (-10% MP)
                  | [potion of mutation]
   854 | D        | Gained mutation: Your mind is acute. (Int +2) [potion of
                  | mutation]
   857 | D        | Bought a potion of mutation for 56 gold pieces
   857 | D        | Lost mutation: You possess an exceptional clarity of mind.
                  | [potion of mutation]
   857 | D        | Lost mutation: Your mind is acute. (Int +2) [potion of
                  | mutation]
   857 | D        | Gained mutation: Your mind is acute. (Int +2) [potion of
                  | mutation]
   857 | D        | Gained mutation: You have sharp toenails. [potion of
                  | mutation]
   859 | D        | Lost mutation: You have sharp toenails. [demonic ancestry]
   859 | D        | Gained mutation: You have large cloven feet. [demonic
                  | ancestry]
   859 | D        | Reached XP level 10. HP: 82/82 MP: 7/19
   989 | D        | Round 6.
  1039 | D        | Noticed a swamp dragon
  1044 | D        | Killed a swamp dragon
  1045 | D        | Gained mutation: Spells you cast may paralyse adjacent
                  | enemies. [demonic ancestry]
  1045 | D        | Reached XP level 11. HP: 61/89 MP: 10/21
  1046 | D        | Noticed a swamp dragon
  1052 | D        | Killed a swamp dragon
  1062 | D        | Arena points: 962 (+384) [x8]
  1077 | D        | Bought a pair of blackened gloves for 332 gold pieces
  1077 | D        | Identified the +1 pair of gloves of the Alphagorgon {Dex+5}
                  | (You bought it in a shop in the Dungeon)
  1125 | D        | Round 7.
  1133 | D        | Noticed a boulder beetle
  1140 | D        | Reached skill level 10 in Fighting
  1161 | D        | Killed a boulder beetle
  1175 | D        | Reached skill level 10 in Dodging
  1192 | D        | Reached ****** piety under Makhleb
  1192 | D        | Arena points: 1466 (+504) [x9]
  1201 | D        | Bought a shimmering cloak for 332 gold pieces
  1201 | D        | Identified the +0 cloak of Vehumet's Regard {Dex+4 Stlth+}
                  | (You bought it in a shop in the Dungeon)
  1208 | D        | Round 8.
  1225 | D        | Reached skill level 10 in Armour
  1225 | D        | Noticed a naga ritualist
  1229 | D        | Killed a naga ritualist
  1230 | D        | Reached skill level 15 in Invocations
  1303 | D        | Arena points: 2266 (+800) [x10]
  1313 | D        | Bought a brightly glowing helmet for 332 gold pieces
  1313 | D        | Identified the +1 helmet of Divine Intervention {rC+ Str+4
                  | Int+4} (You bought it in a shop in the Dungeon)
  1355 | D        | Round 9.
  1468 | D        | Arena points: 3157 (+891) [x11]
  1543 | D        | Round 10.
  1545 | D        | Noticed Arachne
  1557 | D        | Killed Arachne
  1557 | D        | Arena points: 4457 (+1300) [x13]
  1558 | D        | Gained mutation: You have hoof-like feet. [demonic
                  | ancestry]
  1558 | D        | Reached XP level 12. HP: 60/102 MP: 13/24
  1559 | D        | Got a gossamer rune of Zot
  1560 | D        | Gained mutation: A meltable icy envelope protects you from
                  | harm. (AC +0) [demonic ancestry]
  1560 | D        | Reached XP level 13. HP: 68/108 MP: 13/25
  1606 | D        | Bought a scroll of acquirement for 520 gold pieces
  1606 | D        | Acquired 849 gold pieces
  1634 | D        | Bought +0 pearl dragon scales for 1200 gold pieces
  1759 | D        | Round 11.
  1864 | D        | Arena points: 6305 (+1848) [x14]
  1919 | D        | Bought 4 scrolls of enchant armour for 300 gold pieces
  1919 | D        | Bought 4 scrolls of enchant armour for 300 gold pieces
  1939 | D        | Round 12.
  1940 | D        | Bought a clouded platinum ring for 45 gold pieces
  1940 | D        | Identified the ring of Fun {Wiz rPois} (You bought it in a
                  | shop in the Dungeon)
  1940 | D        | Bought a clouded lead ring for 45 gold pieces
  1940 | D        | Identified the ring of Puniegu {Fly rF+ rN+ Str+2 Int-5}
                  | (You bought it in a shop in the Dungeon)
  1940 | D        | Bought a coiled ivory ring for 45 gold pieces
  1940 | D        | Identified the ring "Veruxi" {rElec rCorr EV+4 Str-5 Dex-5}
                  | (You bought it in a shop in the Dungeon)
  2091 | D        | Arena points: 8645 (+2340) [x15]
  2106 | D        | Bought 4 scrolls of enchant armour for 300 gold pieces
  2131 | D        | Round 13.
  2263 | D        | Arena points: 10933 (+2288) [x16]
  2274 | D        | Bought a pair of heavily runed boots for 332 gold pieces
  2274 | D        | Identified the +0 pair of boots "Ellec" {rC++} (You bought
                  | it in a shop in the Dungeon)
  2286 | D        | Round 14.
  2304 | D        | Paralysed by an air elemental for 1 turns
  2336 | D        | Paralysed by an air elemental for 1 turns
  2381 | D        | Paralysed by an air elemental for 1 turns
  2440 | D        | Arena points: 13789 (+2856) [x17]
  2454 | D        | Bought 3 potions of experience for 900 gold pieces
  2454 | D        | Reached skill level 15 in Unarmed Combat
  2454 | D        | Reached XP level 14. HP: 119/119 MP: 18/27
  2455 | D        | Gained mutation: Spells you cast may paralyse nearby
                  | enemies. [demonic ancestry]
  2455 | D        | Reached XP level 15. HP: 126/126 MP: 19/28
  2456 | D        | Gained mutation: You are completely covered in razor-sharp
                  | scales. (AC +3, Slay +3) [demonic ancestry]
  2456 | D        | Reached XP level 16. HP: 133/133 MP: 20/29
  2457 | D        | Bought a potion of experience for 300 gold pieces
  2457 | D        | Gained mutation: You have hooves in place of feet. [demonic
                  | ancestry]
  2457 | D        | Reached XP level 17. HP: 139/139 MP: 21/30
  2465 | D        | Bought 2 potions of mutation for 112 gold pieces
  2465 | D        | Lost mutation: Your mind is acute. (Int +2) [potion of
                  | mutation]
  2465 | D        | Lost mutation: Armour fits poorly on your strangely shaped
                  | body. [potion of mutation]
  2465 | D        | Gained mutation: Your flesh is cold resistant. (rC+)
                  | [potion of mutation]
  2479 | D        | Round 15.
  2484 | D        | Noticed Agnes
  2503 | D        | Killed Agnes
  2503 | D        | Arena points: 16924 (+3135) [x19]
  2504 | D        | Got a mossy rune of Zot
  2528 | D        | Bought 2 potions of experience for 600 gold pieces
  2529 | D        | Bought 3 potions of heal wounds for 105 gold pieces
  2529 | D        | Reached XP level 18. HP: 103/148 MP: 22/31
  2530 | D        | Reached XP level 19. HP: 109/154 MP: 23/32
  2531 | D        | Reached skill level 15 in Fighting
  2531 | D        | Reached XP level 20. HP: 116/162 MP: 24/33
  2677 | D        | Round 16.
  2821 | D        | Arena points: 21404 (+4480) [x20]
  2836 | D        | Bought the +0 pair of fencer's gloves {Riposte Dex+3} for
                  | 600 gold pieces
  2836 | D        | Found the +0 pair of fencer's gloves {Riposte Dex+3}
  2850 | D        | Bought a potion of degeneration for 20 gold pieces
  2870 | D        | Round 17.
  3016 | D        | Arena points: 26402 (+4998) [x21]
  3033 | D        | Bought 3 potions of experience for 900 gold pieces
  3033 | D        | Reached skill level 15 in Dodging
  3033 | D        | Gained mutation: Spells you cast and wands you use may
                  | paralyse nearby enemies. [demonic ancestry]
  3033 | D        | Reached XP level 21. HP: 140/170 MP: 26/35
  3034 | D        | Reached skill level 15 in Armour
  3034 | D        | Gained mutation: Your presence sometimes corrodes those you
                  | injure. [demonic ancestry]
  3034 | D        | Reached XP level 22. HP: 148/178 MP: 27/36
  3035 | D        | Reached XP level 23. HP: 155/184 MP: 28/37
  3055 | D        | Round 18.
  3116 | D        | Arena points: 33134 (+6732) [x22]
  3134 | D        | Bought a faintly humming cloak for 332 gold pieces
  3134 | D        | Identified the +2 cloak of Responsibility {rCorr Str+7}
                  | (You bought it in a shop in the Dungeon)
  3142 | D        | Round 19.
  3145 | D        | Bought a translucent hat for 315 gold pieces
  3145 | D        | Identified the +0 hat of the Hall of Blades {Harm Dex+6}
                  | (You bought it in a shop in the Dungeon)
  3211 | D        | Arena points: 39252 (+6118) [x23]
  3216 | D        | Bought 3 potions of heal wounds for 105 gold pieces
  3216 | D        | Bought 3 potions of heal wounds for 105 gold pieces
  3216 | D        | Bought 3 potions of heal wounds for 105 gold pieces
  3216 | D        | Bought 4 potions of curing for 84 gold pieces
  3216 | D        | Bought 4 potions of curing for 84 gold pieces
  3216 | D        | Bought 4 potions of curing for 84 gold pieces
  3217 | D        | Bought a potion of experience for 300 gold pieces
  3217 | D        | Gained mutation: Your presence sometimes corrodes or
                  | deforms those you injure. [demonic ancestry]
  3217 | D        | Reached XP level 24. HP: 67/195 MP: 28/37
  3229 | D        | Round 20.
  3250 | D        | Bought a translucent lapis lazuli ring for 45 gold pieces
  3250 | D        | Identified the ring "Raptiem" {rPois rCorr Str+2 Slay+3}
                  | (You bought it in a shop in the Dungeon)
  3250 | D        | Bought a pitted lead ring for 45 gold pieces
  3250 | D        | Identified the ring of Birdsong {Fire rPois rN+ SInv} (You
                  | bought it in a shop in the Dungeon)
  3250 | D        | Bought a pitted steel ring for 45 gold pieces
  3250 | D        | Identified the ring "Mumman" {rF- rN+ rCorr Int+6 Dex+3}
                  | (You bought it in a shop in the Dungeon)
  3250 | D        | Bought a sparkling ivory ring for 45 gold pieces
  3250 | D        | Identified the ring "Orerch" {rPois Will+++ Int-5 Slay-4
                  | SInv} (You bought it in a shop in the Dungeon)
  3250 | D        | Bought a scintillating iron ring for 45 gold pieces
  3250 | D        | Identified the ring "Jyannam" {Fly Int+6} (You bought it in
                  | a shop in the Dungeon)
  3250 | D        | Bought a scorched turquoise ring for 45 gold pieces
  3250 | D        | Identified the ring "Hahahuvoj" {+Blink rElec rCorr MP-9}
                  | (You bought it in a shop in the Dungeon)
  3250 | D        | Bought a scorched lead ring for 45 gold pieces
  3250 | D        | Identified the ring "Cogeytof" {Wiz rPois Dex+4} (You
                  | bought it in a shop in the Dungeon)
  3250 | D        | Bought a pitted golden ring for 45 gold pieces
  3250 | D        | Identified the ring "Xeco" {rCorr MP+9 Dex+6 SInv} (You
                  | bought it in a shop in the Dungeon)
  3296 | D        | Paralysed by a greater orb of eyes for 4 turns
  3318 | D        | Arena points: 45752 (+6500) [x25]
  3319 | D        | Reached XP level 25. HP: 205/205 MP: 28/37
  3319 | D        | Got a slimy rune of Zot
  3320 | D        | Gained mutation: You can speak a Word of Chaos. [demonic
                  | ancestry]
  3320 | D        | Reached XP level 26. HP: 213/213 MP: 28/37
  3343 | D        | Bought a scroll of blinking for 112 gold pieces
  3343 | D        | Bought a potion of curing for 45 gold pieces
  3344 | D        | Bought 5 potions of heal wounds for 500 gold pieces
  3366 | D        | Bought 3 potions of haste for 210 gold pieces
  3367 | D        | Bought 3 potions of haste for 210 gold pieces
  3499 | D        | Round 21.
  3527 | D        | Noticed a royal mummy
  3536 | D        | Killed a royal mummy
  3536 | D        | Paralysed by a sphinx for 7 turns
  3552 | D        | Noticed a royal mummy
  3563 | D        | Killed a royal mummy
  3607 | D        | Noticed a royal mummy
  3617 | D        | Killed a royal mummy
  3617 | D        | Arena points: 53942 (+8190) [x26]
  3631 | D        | Round 22.
  3689 | D        | Arena points: 59882 (+5940) [x27]
  3700 | D        | Bought a Necronomicon for 392 gold pieces
  3700 | D        | Bought a book of Death for 308 gold pieces
  3700 | D        | Bought a book of Spatial Translocations for 182 gold pieces
  3703 | D        | Learned a level 2 spell: Blink
  3704 | D        | Round 23.
  3709 | D        | Learned a level 5 spell: Manifold Assault
  3718 | D        | Learned a level 8 spell: Infestation
  3726 | D        | Reached skill level 1 in Necromancy
  3728 | D        | Bought 3 scrolls of blinking for 225 gold pieces
  3728 | D        | Bought 4 scrolls of blinking for 300 gold pieces
  3728 | D        | Bought 5 scrolls of fog for 100 gold pieces
  3729 | D        | Bought 4 scrolls of blinking for 300 gold pieces
  3729 | D        | Bought 3 scrolls of blinking for 225 gold pieces
  3733 | D        | Reached skill level 1 in Spellcasting
  3733 | D        | Reached skill level 1 in Translocations
  3750 | D        | Reached skill level 5 in Necromancy
  3756 | D        | Reached skill level 5 in Translocations
  3777 | D        | Reached skill level 5 in Spellcasting
  3788 | D        | Arena points: 72118 (+12236) [x28]
  3789 | D        | Reached skill level 10 in Necromancy
  3794 | D        | Bought an ichor-stained buckler for 332 gold pieces
  3794 | D        | Identified the +3 buckler of the Cicada {*Slow +Blink rF-
                  | Int+8} (You bought it in a shop in the Dungeon)
  3794 | D        | Bought a warped tower shield for 332 gold pieces
  3794 | D        | Identified the +1 tower shield of Xedotu {Dex+6} (You
                  | bought it in a shop in the Dungeon)
  3794 | D        | Bought a pair of steaming gloves for 332 gold pieces
  3794 | D        | Identified the +0 pair of gloves "Neosof" {Fly rN++} (You
                  | bought it in a shop in the Dungeon)
  3794 | D        | Bought a twisted buckler for 332 gold pieces
  3794 | D        | Identified the -1 buckler of Marbles {*Corrode Str+4
                  | Stlth+} (You bought it in a shop in the Dungeon)
  3836 | D        | Learned a level 3 spell: Lesser Beckoning
  3839 | D        | Round 24.
  3841 | D        | Learned a level 4 spell: Animate Dead
  3850 | D        | Learned a level 8 spell: Necromutation
  3890 | D        | Reached skill level 10 in Translocations
  3967 | D        | Arena points: 86734 (+14616) [x29]
  3996 | D        | Bought 4 potions of curing for 84 gold pieces
  3996 | D        | Bought 4 potions of curing for 84 gold pieces
  3996 | D        | Bought 3 potions of heal wounds for 105 gold pieces
  3996 | D        | Bought 3 potions of heal wounds for 105 gold pieces
  3996 | D        | Bought 3 potions of heal wounds for 105 gold pieces
  3996 | D        | Bought 3 potions of heal wounds for 105 gold pieces
  3996 | D        | Bought 3 potions of heal wounds for 105 gold pieces
  3996 | D        | Bought 3 potions of heal wounds for 105 gold pieces
  3996 | D        | Bought 3 potions of heal wounds for 105 gold pieces
  3996 | D        | Bought 3 potions of heal wounds for 105 gold pieces
  4003 | D        | Bought a potion of haste for 70 gold pieces
  4003 | D        | Bought a potion of heal wounds for 35 gold pieces
  4027 | D        | Round 25.
  4063 | D        | Arena points: 97584 (+10850) [x31]
  4064 | D        | Reached skill level 15 in Necromancy
  4064 | D        | Got a silver rune of Zot
  4065 | D        | Reached skill level 10 in Spellcasting
  4065 | D        | Gained mutation: A meltable icy envelope protects you from
                  | harm. (AC +0) [demonic ancestry]
  4065 | D        | Reached XP level 27. HP: 192/225 MP: 29/39
  4153 | D        | Bought 5 potions of berserk rage for 175 gold pieces
  4153 | D        | Bought 5 potions of berserk rage for 175 gold pieces
  4153 | D        | Bought 6 potions of brilliance for 168 gold pieces
  4153 | D        | Bought 5 potions of haste for 350 gold pieces
  4153 | D        | Bought 4 potions of haste for 280 gold pieces
  4153 | D        | Bought 6 potions of attraction for 126 gold pieces
  4153 | D        | Bought a potion of heal wounds for 35 gold pieces
  4153 | D        | Bought a potion of heal wounds for 35 gold pieces
  4266 | D        | Round 26.
  4288 | D        | Noticed Margery
  4296 | D        | Killed Margery
  4353 | D        | Reached skill level 15 in Translocations
  4366 | D        | Arena points: 110896 (+13312) [x32]
  4380 | D        | Bought 6 potions of magic for 336 gold pieces
  4380 | D        | Bought 6 potions of magic for 336 gold pieces
  4380 | D        | Bought 6 potions of might for 168 gold pieces
  4380 | D        | Bought 3 potions of mutation for 168 gold pieces
  4407 | D        | Learned a level 8 spell: Borgnjor's Revivification
  4429 | D        | Round 27.
  4556 | D        | Noticed an orb of fire
  4560 | D        | Gained mutation: You expend magic power (3 MP) to
                  | strengthen your wands. [an orb of fire]
  4568 | D        | Killed an orb of fire
  4610 | D        | Arena points: 128716 (+17820) [x33]
  4786 | D        | Round 28.
  4833 | D        | Reached skill level 10 in Transmutations
  4901 | D        | Reached skill level 15 in Transmutations
  4909 | D        | Arena points: 150612 (+21896) [x34]
  4916 | D        | Bought 6 potions of resistance for 420 gold pieces
  4916 | D        | Bought 6 potions of resistance for 420 gold pieces
  4916 | D        | Bought a potion of mutation for 56 gold pieces
  4917 | D        | Bought 6 potions of resistance for 420 gold pieces
  4917 | D        | Bought 6 potions of might for 168 gold pieces
  4917 | D        | Bought 4 potions of haste for 280 gold pieces
  4917 | D        | Bought 6 potions of magic for 336 gold pieces
  4917 | D        | Bought 5 potions of haste for 350 gold pieces
  4917 | D        | Bought 5 potions of berserk rage for 175 gold pieces
  4917 | D        | Bought 5 potions of berserk rage for 175 gold pieces
  4917 | D        | Bought 6 potions of brilliance for 168 gold pieces
  4960 | D        | Round 29.
  5070 | D        | Arena points: 173957 (+23345) [x35]
  5131 | D        | Round 30.
  5136 | D        | Found the +4 staff of Dispater
  5136 | D        | Noticed Dispater
  5158 | D        | Killed Dispater
  5158 | D        | Arena points: 191717 (+17760) [x37]
  5159 | D        | Got an iron rune of Zot
  5181 | D        | Bought 6 potions of magic for 336 gold pieces
  5181 | D        | Bought 6 potions of resistance for 420 gold pieces
  5181 | D        | Bought 3 potions of mutation for 168 gold pieces
  5181 | D        | Bought 6 potions of attraction for 126 gold pieces
  5197 | D        | Bought a book of the Earth for 280 gold pieces
  5197 | D        | Bought a book of the Sky for 308 gold pieces
  5197 | D        | Bought the Tome of the Gliding Mountains for 336 gold
                  | pieces
  5197 | D        | Bought Ozocubu's Autobiography for 168 gold pieces
  5197 | D        | Bought a book of Blasting for 224 gold pieces
  5197 | D        | Bought a Grand Grimoire for 238 gold pieces
  5197 | D        | Bought a book of Annihilations for 280 gold pieces
  5197 | D        | Bought a book of Displacement for 168 gold pieces
  5377 | D        | Round 31.
  5498 | D        | Arena points: 221167 (+29450) [x38]
  5506 | D        | Bought 5 scrolls of blinking for 375 gold pieces
  5506 | D        | Bought a scroll of fog for 20 gold pieces
  5506 | D        | Bought 5 scrolls of fog for 100 gold pieces
  5506 | D        | Bought 4 scrolls of fog for 80 gold pieces
  5506 | D        | Bought 3 scrolls of fog for 60 gold pieces
  5506 | D        | Bought 3 scrolls of silence for 225 gold pieces
  5506 | D        | Bought 3 scrolls of vulnerability for 225 gold pieces
  5507 | D        | Bought 5 scrolls of blinking for 375 gold pieces
  5559 | D        | Round 32.
  5637 | D        | Arena points: 253615 (+32448) [x39]
  5652 | D        | Bought a book of the Moon for 280 gold pieces
  5652 | D        | Bought a book of Chaos for 350 gold pieces
  5652 | D        | Bought a book of Power for 294 gold pieces
  5652 | D        | Bought a book of Burglary for 196 gold pieces
  5652 | D        | Bought a book of Hexes for 252 gold pieces
  5652 | D        | Bought a book of the Dryads for 266 gold pieces
  5658 | D        | Round 33.
  5659 | D        | Noticed Khufu
  5677 | D        | Killed Khufu
  5677 | D        | Arena points: 276616 (+23001) [x41]
  5681 | D        | Got a golden rune of Zot
  5724 | D        | Learned a level 7 spell: Storm Form
  5868 | D        | Round 34.
  5884 | D        | Reached skill level 1 in Air Magic
  5971 | D        | Reached skill level 5 in Air Magic
  6028 | D        | Arena points: 312316 (+35700) [x42]
  6045 | D        | Bought a faintly humming kite shield for 332 gold pieces
  6045 | D        | Identified the +0 kite shield of Heheem {Fly Slay+4 Stlth+}
                  | (You bought it in a shop in the Dungeon)
  6069 | D        | Round 35.
  6083 | D        | Noticed an ancient lich
  6090 | D        | Killed an ancient lich
  6133 | D        | Noticed an ancient lich
  6141 | D        | Killed an ancient lich
  6199 | D        | Arena points: 340911 (+28595) [x43]
  6230 | D        | Learned a level 9 spell: Chain Lightning
  6254 | D        | Round 36.
  6255 | D        | Noticed Antaeus
  6260 | D        | Reached skill level 1 in Conjurations
  6260 | D        | Reached skill level 10 in Air Magic
  6277 | D        | Killed Antaeus
  6277 | D        | Arena points: 370071 (+29160) [x45]
  6278 | D        | Reached skill level 5 in Conjurations
  6278 | D        | Got an icy rune of Zot
  6468 | D        | Round 37.
  6555 | D        | Arena points: 412621 (+42550) [x46]
  6573 | D        | Round 38.
  6576 | D        | Bought 4 scrolls of enchant armour for 300 gold pieces
  6576 | D        | Bought 8 scrolls of enchant weapon for 600 gold pieces
  6576 | D        | Bought 5 scrolls of amnesia for 175 gold pieces
  6576 | D        | Bought 3 scrolls of vulnerability for 225 gold pieces
  6576 | D        | Bought a scroll of brand weapon for 200 gold pieces
  6576 | D        | Bought 3 scrolls of silence for 225 gold pieces
  6576 | D        | Bought 4 scrolls of fog for 80 gold pieces
  6576 | D        | Bought 3 scrolls of fog for 60 gold pieces
  6577 | D        | Bought 8 scrolls of enchant weapon for 600 gold pieces
  6577 | D        | Bought 5 scrolls of amnesia for 175 gold pieces
  6577 | D        | Bought a scroll of brand weapon for 200 gold pieces
  6702 | D        | Reached skill level 27 in Invocations
  6704 | D        | Arena points: 459057 (+46436) [x47]
  6713 | D        | Bought a wand of polymorph (9) for 220 gold pieces
  6713 | D        | Bought 24 bolts for 96 gold pieces
  6713 | D        | Bought 23 bolts for 92 gold pieces
  6713 | D        | Bought 5 potions of haste for 1000 gold pieces
  6713 | D        | Bought 5 potions of haste for 1000 gold pieces
  6713 | D        | Bought 5 potions of heal wounds for 500 gold pieces
  6713 | D        | Bought a quad damage for 400 gold pieces
  6713 | D        | Bought a quad damage for 400 gold pieces
  6713 | D        | Bought a quad damage for 400 gold pieces
  6738 | D        | Round 39.
  6752 | D        | Noticed Gloorx Vloq
  6763 | D        | Killed Gloorx Vloq
  6763 | D        | Identified the +0 plate armour of Oblivion {Str+6} (You
                  | found it in the Dungeon)
  6763 | D        | Arena points: 495366 (+36309) [x49]
  6764 | D        | Reached skill level 27 in Fighting
  6764 | D        | Got a dark rune of Zot
  6941 | D        | Round 40.
  7058 | D        | Reached skill level 27 in Unarmed Combat
  7089 | D        | Arena points: 549366 (+54000) [x50]
  7152 | D        | Round 41.
  7171 | D        | Reached skill level 27 in Dodging
  7173 | D        | Reached skill level 27 in Armour
  7173 | D        | Reached skill level 1 in Stealth
  7189 | D        | Reached skill level 5 in Stealth
  7211 | D        | Arena points: 593277 (+43911) [x51]
  7237 | D        | Round 42.
  7253 | D        | Noticed Raiwk the pandemonium lord
  7257 | D        | Noticed Zitryvu the pandemonium lord
  7266 | D        | Killed Raiwk the pandemonium lord
  7267 | D        | Reached skill level 10 in Evocations
  7269 | D        | Noticed Koresch the pandemonium lord
  7271 | D        | Noticed Fenkodd the pandemonium lord
  7273 | D        | Noticed Zeth the pandemonium lord
  7274 | D        | Killed Zitryvu the pandemonium lord
  7275 | D        | Reached skill level 10 in Conjurations
  7281 | D        | Noticed Laepno the pandemonium lord
  7282 | D        | Noticed Lakoyweel the pandemonium lord
  7284 | D        | Killed Koresch the pandemonium lord
  7290 | D        | Killed Zeth the pandemonium lord
  7294 | D        | Killed Fenkodd the pandemonium lord
  7294 | D        | Noticed Bapuvij the pandemonium lord
  7304 | D        | HP: 12/249 [disintegration (45)]
  7306 | D        | Noticed Bofos Wasucw the pandemonium lord
  7310 | D        | Noticed Master Blaster
  7311 | D        | Paralysed by Bofos Wasucw for 2 turns
  7313 | D        | Noticed Tow Uqua the pandemonium lord
  7316 | D        | Killed Bofos Wasucw the pandemonium lord
  7321 | D        | Killed Lakoyweel the pandemonium lord
  7322 | D        | Reached skill level 15 in Air Magic
  7322 | D        | Reached skill level 15 in Evocations
  7322 | D        | Noticed Sesut the pandemonium lord
  7334 | D        | Killed Sesut the pandemonium lord
  7336 | D        | Killed Tow Uqua the pandemonium lord
  7337 | D        | Reached skill level 15 in Conjurations
  7347 | D        | Killed Master Blaster
  7347 | D        | Arena points: 637797 (+44520) [x53]
  7348 | D        | Got a demonic rune of Zot
  7353 | D        | Got the Orb of Zot
  7355 | D        | Escaped with the Orb!

Illustrated notes

Levels and vault maps discovered:
D:        arena_sprint

Skill      XL: |  1  2  3  4  5  6  7  8  9 10 11 12 13 14 15 16 17 18 19 20 21 22 23 24 25 26 27 |
---------------+----------------------------------------------------------------------------------+-----
Unarmed Combat | 6 8 10 11 13 15 16 17 18 20 27 | 27.0
Evocations     | 7 8 21 | 21.9
Invocations    | 5 10 11 12 13 16 18 19 20 21 24 27 | 27.0
Dodging        | 6 7 8 9 11 13 14 15 16 17 19 27 | 27.0
Fighting       | 5 8 9 12 13 14 15 16 17 18 20 27 | 27.0
Armour         | 5 8 11 13 14 15 16 17 19 27 | 27.0
Necromancy     | 16 24 | 24.0
Spellcasting   | 10 14 | 14.3
Translocations | 13 19 | 19.3
Transmutations | 24 | 24.0
Air Magic      | 21 | 21.1
Conjurations   | 21 | 21.6
Stealth        | 21 | 21.0

Action                   |  1- 3 |  4- 6 |  7- 9 | 10-12 | 13-15 | 16-18 | 19-21 | 22-24 | 25-27 || total
-------------------------+-------+-------+-------+-------+-------+-------+-------+-------+-------++-------
Melee: Unarmed           |       |    22 |    17 |    56 |    57 |    11 |     5 |    72 |   678 ||   918
       Punch             |       |     1 |     2 |    10 |     3 |     2 |       |    12 |   127 ||   157
       Kick              |       |       |       |       |       |     7 |     3 |    41 |   443 ||   494
 Cast: Blink             |       |       |       |       |       |       |       |       |     7 ||     7
       Necromutation     |       |       |       |       |       |       |       |       |     4 ||     4
       Infestation       |       |       |       |       |       |       |       |       |     3 ||     3
       Animate Dead      |       |       |       |       |       |       |       |       |     2 ||     2
       Lesser Beckoning  |       |       |       |       |       |       |       |       |     1 ||     1
       Manifold Assault  |       |       |       |       |       |       |       |       |     1 ||     1
       Storm Form        |       |       |       |       |       |       |       |       |     1 ||     1
Invok: Minor Destruction |       |     4 |     8 |     3 |       |       |       |       |       ||    15
       Lesser Servant of |       |     1 |     3 |     1 |       |     1 |       |       |       ||     6
       Major Destruction |       |       |    25 |    59 |    75 |     6 |    56 |    22 |   230 ||   473
       Greater Servant o |       |       |       |       |       |       |       |     2 |    23 ||    25
 Abil: Word of Chaos     |       |       |       |       |       |       |       |       |     1 ||     1
       End Transformatio |       |       |       |       |       |       |       |       |     3 ||     3
       Blinkbolt         |       |       |       |       |       |       |       |       |     1 ||     1
Evoke: Wand              |     6 |     9 |       |       |       |       |       |       |       ||    15
       Quad damage       |       |       |       |       |       |       |       |       |     1 ||     1
  Use: Potion            |     1 |     2 |     5 |     3 |     3 |     4 |     3 |     6 |    35 ||    62
       Scroll            |       |       |       |       |    11 |       |       |       |     4 ||    15
 Stab: Distracted        |       |       |     1 |       |       |       |       |       |     3 ||     4
Armor: Leather armour    |       |     1 |       |       |       |       |       |       |       ||     1
       Troll leather arm |       |       |       |     4 |       |       |       |       |       ||     4
       Pearl dragon scal |       |       |       |       |    32 |     5 |    10 |    31 |   509 ||   587
       Skin              |       |       |       |       |       |       |       |       |     4 ||     4
Dodge: Dodged            |       |     9 |    12 |    36 |    46 |    13 |    28 |    37 |   727 ||   908
Block: Other             |       |     4 |     1 |    11 |     6 |       |     7 |    11 |    93 ||   133
       Rpst.: Unarmed    |       |       |       |       |       |       |       |     6 |   117 ||   123

Table legend: (Time is in decaauts)
 A = Elapsed time spent in this place.
 B = Non-inter-level travel time spent in this place.
 C = Inter-level travel time spent in this place.
 D = Time resting spent in this place.
 E = Time spent auto-exploring this place.
 F = Levels seen in this place.
 G = Mean time per level.
                   A        B        C        D        E       F      G
               +--------+--------+--------+--------+--------+-----+--------+
         Total |   6970 |   6964 |      6 |    777 |      0 |   1 | 6970.0 |
       Dungeon |   6970 |   6964 |      6 |    777 |      0 |   1 | 6970.0 |
               +--------+--------+--------+--------+--------+-----+--------+

Top non-repeatable levels by time:
       D: 6970 daAuts
